 Dungeon Crawl Stone Soup version 0.30.0-5-g1a98f26d00 (webtiles) character file.

Game seed: 12818007417614736451

720 Dordric the Vexing (level 7, -19/48 HPs)
             Began as a Barachi Hexslinger on May 12, 2023.
             Was an Initiate of Hepliaklqana.
             Demolished by an ogre
             ... wielding a +0 giant club
              (28 damage)
             ... on level 5 of the Dungeon.
             The game lasted 00:07:33 (4613 turns).

Dordric the Vexing (Barachi Hexslinger)             Turns: 4613, Time: 00:07:33

Health: -19/48     AC:  6    Str: 11    XL:     7   Next: 70%
Magic:  11/11      EV: 17    Int: 13    God:    Hepliaklqana [......]
Gold:   367        SH:  0    Dex: 15    Spells: 4/11 levels left

rFire   . . .        u - +0 shortbow
rCold   . . .        (shield currently unavailable)
rNeg    . . .        c - +0 robe
rPois   .            (no helmet)
rElec   .            e - +1 cloak
rCorr   .            n - +1 pair of gloves
SInv    .            (no boots)
Will    .....        (no amulet)
Stlth   +            d - +5 ring of evasion
HPRegen 0.28/turn    (no ring)
MPRegen 0.12/turn

%: no passive effects
@: slow
A: amphibious, slowness 1, strong legs 1, +LOS
a: Hop, Renounce Religion


You were on level 5 of the Dungeon.
You worshipped Hepliaklqana.
Hepliaklqana was noncommittal.
You visited 2 branches of the dungeon, and saw 6 of its levels.
You also visited: Sewer.

You collected 367 gold pieces.

Inventory:

Hand Weapons
 a - a +1 sling
 u - a +0 shortbow (weapon)
Armour
 c - a +0 robe (worn)
 e - a +1 cloak (worn)
 n - a +1 pair of gloves (worn)
Jewellery
 d - a +5 ring of evasion (left hand)
 j - a ring of positive energy
Scrolls
 b - 3 scrolls of poison
 g - 2 scrolls of teleportation
 h - 4 scrolls of identify
 m - a scroll of enchant armour
 p - a scroll of fear {unknown}
 s - a scroll of magic mapping {unknown}
 t - a scroll of acquirement {unknown}
Potions
 f - a potion of ambrosia {unknown}
 i - 2 potions of curing
 k - 2 potions of invisibility {unknown}
 l - a potion of haste
 o - a potion of might {unknown}
 q - a potion of berserk rage {unknown}
 r - a potion of lignification {unknown}


   Skills:
 - Level 1.5 Fighting
 + Level 5.0 Ranged Weapons
 - Level 2.3 Dodging
 - Level 2.6 Spellcasting
 + Level 6.0 Hexes
 + Level 4.1 Translocations


You had 4 spell levels left.
You knew the following spells:

 Your Spells              Type           Power      Damage    Failure   Level
a - Slow                  Hex            68%        N/A       1%          1
b - Portal Projectile     Hex/Tloc       28%        N/A       9%          3
c - Inner Flame           Hex/Fire       9%         N/A       21%         3

Your spell library contained the following spells:

 Spells                   Type           Power      Damage    Failure   Level
 Apportation              Tloc           24%        N/A       4%          1
 Cause Fear               Hex            8%         N/A       21%         4
 Necrotise                Necr           4%         1d4       24%         1
 Summon Small Mammal      Summ           4%         N/A       24%         1
 Vampiric Draining        Necr           1%         2d6       56%         3
 Agony                    Necr           1%         N/A       100%        5


Dungeon Overview and Level Annotations

Branches:
Dungeon (5/15)             Temple (1/1) D:4           Sewer (visited)

Altars:
Ashenzari
Cheibriados
Dithmenos
Elyvilon
Hepliaklqana
Makhleb
Okawaru
Ru
Uskayaw
Vehumet
Wu Jian
Yredelemnul
Zin
The Shining One

Annotations:
D:3 3 runed translucent doors, hawla's ghost, amateur MeFE


Innate Abilities, Weirdness & Mutations

You are amphibious.
You cover ground slowly.
You can hop short distances.
You have an extended range of vision and can be seen from far away.


Message History

You climb upwards.
Welcome back to the Dungeon!
There is a staircase to the Ecumenical Temple here.
(D) Dungeon (T) Temple
Where to? (Enter - D:4, ? - help)
You enter the shallow water.
There is a stone staircase leading down here.
Things that are here:
a +1 dagger of venom; a +0 sling You climb downwards.
The ogre shouts!
There is a stone staircase leading up here.
An ogre is nearby!
You shoot an arrow. The arrow hits the ogre!
The ogre is moderately wounded.
You shoot an arrow. The arrow hits the ogre.
The ogre is heavily wounded.
The ogre hits you with a +0 giant club!
You shoot an arrow. The arrow barely misses the ogre.
You shoot an arrow. The arrow hits the ogre!
The ogre is severely wounded.
The ogre closely misses you.
You shoot an arrow. The arrow hits the ogre.
The ogre is almost dead.
The ogre barely misses you.
You shoot an arrow. The arrow closely misses the ogre.
The ogre hits you with a +0 giant club!!
Ouch! That really hurt!
* * * LOW HITPOINT WARNING * * *
You are too injured to fight recklessly!
You are too injured to fight recklessly!
You are too injured to fight recklessly!
You are too injured to fight recklessly!
You are too injured to fight recklessly!
You are too injured to fight recklessly!
You are too injured to fight recklessly!
An ogre is nearby!
You shoot an arrow. The arrow barely misses the ogre.
The ogre hits you with a +0 giant club!!
Ouch! That really hurt!
You die...

##+##
##...##
##.....##
##.......##
#.........#
+.........+
#.........#
#...O...#
#..@..#
##...##
##+##


You could see an ogre.

Vanquished Creatures
  Pargi (Sewer)
  2 ogres (D:4)
  A phantom (D:4)
  A scorpion (D:4)
  3 hounds
  An iguana (D:4)
  An orc wizard (D:3)
  7 adders
  An ufetubus (D:4)
  A worm (D:4)
  2 dart slugs
  7 orcs
  5 endoplasms
  7 giant cockroaches
  8 goblins
  11 hobgoblins
  7 quokkas
  7 ball pythons
  8 bats
  3 frilled lizards
  14 kobolds
  5 rats
103 creatures vanquished.

Notes
Turn   | Place    | Note
-------+----------+-------------------------------------------
     0 | D:1      | Dordric the Barachi Hexslinger began the quest for the Orb.
     0 | D:1      | Reached XP level 1. HP: 15/15 MP: 2/2
    85 | D:1      | Reached XP level 2. HP: 21/21 MP: 3/3
   153 | D:1      | Found a faded altar of an unknown god.
   434 | D:1      | Reached XP level 3. HP: 26/26 MP: 5/5
   539 | D:2      | Learned a level 3 spell: Portal Projectile
  1149 | D:3      | Found a runed translucent gate.
  1149 | D:3      | Found a runed translucent gate.
  1149 | D:3      | Found a runed translucent gate.
  1227 | D:3      | Noticed hawla's ghost (amateur MeFE)
  1297 | D:3      | Reached skill level 4 in Hexes
  1297 | D:3      | Reached XP level 4. HP: 31/32 MP: 7/7
  2033 | D:3      | Reached XP level 5. HP: 30/37 MP: 7/9
  2286 | D:3      | Learned a level 3 spell: Inner Flame
  2333 | D:4      | Found a staircase to the Ecumenical Temple.
  2525 | D:4      | Noticed a phantom
  2540 | D:4      | Reached skill level 1 in Translocations
  2570 | D:4      | Killed a phantom
  2571 | D:4      | Reached XP level 6. HP: 18/43 MP: 10/10
  2840 | D:4      | Found a glowing drain.
  2866 | Sewer    | Entered a sewer
  2886 | Sewer    | Noticed Pargi
  2902 | Sewer    | Killed Pargi
  2903 | Sewer    | Reached skill level 5 in Hexes
  3231 | D:4      | Reached XP level 7. HP: 48/48 MP: 7/11
  3938 | D:4      | Reached skill level 6 in Hexes
  4210 | D:4      | Reached skill level 5 in Ranged Weapons
  4341 | D:5      | Entered Level 5 of the Dungeon
  4467 | Temple   | Entered the Ecumenical Temple
  4532 | Temple   | Became a worshipper of Hepliaklqana the Forgotten
  4613 | D:5      | Demolished by an ogre

Illustrated notes

Levels and vault maps discovered:
D:1:      scummos_arrival_simple_fountains, layout_rooms,
          ebering_ecumenical_altar_mist, minmay_misc_feat_more_columns, hex_tiny
D:2:      layout_basic
D:3:      layout_basic, ebering_ghost_rock_garden
D:4:      minmay_thinvault, layout_loops_ring, minmay_temple_entry_mist,
          portal_sewer_entry_f, minmay_vboxes
D:5:      layout_loops_corners, mainiacjoe_overflow_divided_tiny,
          kennysheep_vampire_church, kennysheep_flooded_box,
          minmay_misc_feat_square, kennysheep_generic_room_12, uniq_ijyb,
          uniq_edmund, uniq_pikel, uniq_blork_the_orc, uniq_sigmund
Temple:   regret_index_temple_waves

Skill      XL: |  1  2  3  4  5  6  7 |
---------------+----------------------+-----
Spellcasting   | 2 |  2.6
Hexes          | 4 5 6 |  6.0
Ranged Weapons | 3 4 5 |  5.0
Translocations | 1 3 4 |  4.1
Fighting       | |  1.5
Dodging        | |  2.3

Action                     |  1- 3 |  4- 6 |  7- 9 || total
---------------------------+-------+-------+-------++-------
   Fire: Sling             |   141 |   224 |       ||   365
         Shortbow          |       |    11 |    93 ||   104
   Cast: Portal Projectile |     1 |       |     3 ||     4
         Inner Flame       |       |     4 |     5 ||     9
Ability: Hop               |       |       |     3 ||     3
    Use: Scroll            |     6 |     1 |     1 ||     8
 Armour: Robe              |    29 |    66 |    20 ||   115
  Dodge: Dodged            |    39 |   135 |    65 ||   239
